 Dungeon Crawl Stone Soup version 0.28.0-49-g6dfe1f597d (webtiles) character file.

Game seed: 6154561627666693187

1231 101zpm the Magician (level 8, -3/51 HPs)
             Began as a Djinni Fire Elementalist on May 11, 2022.
             Shot with an arrow by a centaur (8 damage)
             ... on level 4 of the Dungeon.
             The game lasted 00:10:55 (3008 turns).

101zpm the Magician (Djinni Fire Elementalist)      Turns: 3008, Time: 00:10:55

Health: -3/51      AC:  2    Str:  7    XL:     8   Next: 77%
Gold:   81         EV: 13    Int: 18    God:
                   SH:  0    Dex: 15

rFire   + + .      SeeInvis .   (no weapon)
rCold   x . .      Faith    .   (no shield)
rNeg    . . .      Spirit   .   a - +0 robe
rPois   ∞          Reflect  .   (no helmet)
rElec   .          Harm     .   d - scarf {+Inv}
rCorr   .          Rampage  .   (no gloves)
Will    .....                   (boots unavailable)
Stlth   ++........              (no amulet)
HPRegen 0.17/turn               (no ring)
MPRegen 0.00/turn               (no ring)

@: flying
A: sickness immunity, fire resistance 2, cold vulnerability 1, float, innate
caster, HP casting, extra vitality 1
a: Evoke Invisibility


You were on level 4 of the Dungeon.
You visited 1 branch of the dungeon, and saw 7 of its levels.

You collected 81 gold pieces.

Inventory:

Armour
 a - a +0 robe (worn)
 d - a scarf of invisibility (worn)
Scrolls
 c - a scroll of fog {unknown}
Potions
 b - a potion of heal wounds {unknown}


   Skills:
 + Level 0.3 Fighting
 + Level 3.3 Dodging
 + Level 2.9 Stealth
 + Level 7.5 Spellcasting


You had 4 spell levels left.
You knew the following spells:

 Your Spells              Type           Power      Damage    Failure   Level
a - Foxfire               Conj/Fire      100%       2x1d9     1%          1
b - Scorch                Fire           66%        2d8       1%          2
c - Conjure Flame         Conj/Fire      33%        6-21      1%          3
d - Inner Flame           Hex/Fire       33%        N/A       1%          3
e - Flame Wave            Conj/Fire      33%        2d8       4%          4
f - Magic Dart            Conj           100%       1d8       1%          1
g - Poisonous Vapours     Pois/Air       66%        N/A       1%          2
h - Passwall              Tmut/Erth      27%        N/A       1%          2
Your spell library was empty.

Dungeon Overview and Level Annotations

Branches:
Dungeon (7/15)
 Temple: D:4-7

Altars:

Shops:
D:5 ?


Innate Abilities, Weirdness & Mutations

You are immune to sickness and miasma.
You are immune to poison.
Your flesh is very heat resistant. (rF++)
You are vulnerable to cold. (rC-)
You float through the air rather than walking.
You learn spells naturally, not from books.
Your magical power is your life essence.
You have superior vitality. (+4 MHP)


Message History

You are too injured to fight recklessly!
Casting: Foxfire (safe; 1% risk of failure)
Press: ? - help, Q - select action, (/) - cycle Dir - look around, f - activate You conjure some foxfire!
Casting: Foxfire (safe; 1% risk of failure)
Press: ? - help, Q - select action, (/) - cycle Dir - look around, f - activate You conjure some foxfire!
* * * LOW HITPOINT WARNING * * *
Casting: Foxfire (safe; 1% risk of failure)
Press: ? - help, Q - select action, (/) - cycle Dir - look around, f - activate You conjure some foxfire!
* * * LOW HITPOINT WARNING * * *
The plant is engulfed in a cloud of scalding steam.
The plant begins to die.
The foxfire hits the goblin.
Flame seeps out of the goblin.
The goblin is severely wounded.
The foxfire hits the goblin.
The goblin explodes!
You start resting.
The plant is engulfed in a cloud of scalding steam.
The plant begins to die.
Your foxfire dissipates!
You start resting.
Your foxfire dissipates!
A centaur comes into view. It is wielding a +0 dagger.
Casting: Foxfire (safe; 1% risk of failure)
Confirm with . or Enter, or press ? or * to list all spells.
Aiming: Inner Flame (safe; 1% risk of failure)
Press: ? - help, Dir - move target, f - centaur
Aim: a centaur, wielding a +0 dagger and quivering arrows (lightly wounded, wandering, hasn't noticed you, chance to affect: 86%)
The centaur shouts!
The centaur is filled with an inner flame.
* * * LOW HITPOINT WARNING * * *
The centaur unwields a +0 dagger.
The centaur wields a +0 shortbow.
The centaur shoots an arrow.
The arrow hits you!
* * * LOW HITPOINT WARNING * * *
You can't go up here!
A nearby plant withers and dies.
The centaur shoots an arrow.
The arrow hits you!
You die...

##...o. .. . ≈≈≈.P≈≈##
...##......
≈≈≈.≈≈≈♣..#.....#....
≈P≈.≈P≈≈....###.....#
.. ≈≈≈.≈≈≈≈..##).).#
.. ≈≈≈.≈≈≈♣# #.)####
.. ≈.≈.≈≈≈ ###.## ..
...≈.≈≈.##°..#
..#####..♣♣≈.≈≈)@○.###
.........§♣≈.≈≈≈####
....>..[.♣≈§.≈≈≈
..<.....♣♣≈°☼≈≈≈
..#.##..♣♣≈§§≈≈≈
..#....#≈♣≈§)§≈c
..#..... ♣♣§§§)≈
..##.#### P≈.))≈ .. .#


You could see a centaur (inner flame).

Vanquished Creatures
  Grinder (D:5)
  An orc warrior (D:6)
  2 necrophages (D:4)
  An ogre (D:5)
  A centaur (D:5)
  2 bullfrogs (D:6)
  A scorpion (D:5)
  A centaur zombie (D:6)
  A bullfrog zombie (D:6)
  A jelly (D:4)
  2 hounds (D:5)
  A bullfrog skeleton (D:4)
  2 centaur skeletons (D:5)
  2 iguanas (D:5)
  3 orc wizards
  Robin (D:4)
  An adder (D:6)
  A white imp (D:5)
  2 ufetubi (D:5)
  A dart slug (D:2)
  6 orcs
  An endoplasm (D:4)
  8 goblins (D:4)
  A quokka (D:4)
  A ball python (D:4)
  A kobold (D:6)
46 creatures vanquished.

Vanquished Creatures (collateral kills)
  A foxfire (D:4)
1 creature vanquished.

Vanquished Creatures (others)
  117 foxfires
  40 plants (D:4)
157 creatures vanquished.

Grand Total: 204 creatures vanquished

Notes
Turn   | Place    | Note
-------+----------+-------------------------------------------
     0 | D:1      | 101zpm the Djinni Fire Elementalist began the quest for the
                  | Orb.
     0 | D:1      | Reached XP level 1. HP: 15/15 MP: 0/0
   126 | D:3      | Noticed an orc wizard
   181 | D:4      | Noticed a necrophage
   185 | D:5      | Entered Level 5 of the Dungeon
   210 | D:4      | Noticed an orc wizard
   216 | D:4      | Killed an orc wizard
   217 | D:4      | Reached skill level 3 in Spellcasting
   217 | D:4      | Reached XP level 2. HP: 13/21 MP: 0/0
   217 | D:4      | Reached XP level 3. HP: 16/25 MP: 0/0
   217 | D:4      | Learned a level 1 spell: Magic Dart
   406 | D:5      | Noticed Grinder
   410 | D:5      | Killed Grinder
   411 | D:5      | Reached skill level 4 in Spellcasting
   411 | D:5      | Reached XP level 4. HP: 22/31 MP: 0/0
   411 | D:5      | Reached XP level 5. HP: 25/35 MP: 0/0
   411 | D:5      | Learned a level 2 spell: Poisonous Vapours
   411 | D:5      | Reached XP level 6. HP: 28/40 MP: 0/0
   504 | D:5      | Found Acki Geu's Magic Scroll Shop.
   565 | D:7      | Noticed an orc warrior
   568 | D:7      | Noticed an ice beast
   833 | D:6      | Reached skill level 5 in Spellcasting
   967 | D:6      | Noticed a necrophage
  1016 | D:6      | Reached XP level 7. HP: 41/45 MP: 0/0
  1016 | D:6      | Learned a level 2 spell: Passwall
  1448 | D:5      | Reached skill level 6 in Spellcasting
  2043 | D:5      | Reached XP level 8. HP: 35/51 MP: 0/0
  2223 | D:5      | Reached skill level 7 in Spellcasting
  2963 | D:4      | Noticed Robin
  2968 | D:4      | Killed Robin
  3008 | D:4      | Shot with an arrow by a centaur

Illustrated notes

Levels and vault maps discovered:
D:1:      grunt_arrival_lava_bath, layout_basic
D:2:      minmay_chambers_of_twos, layout_basic, basic_altar, serial_shops,
          shop, chequers_ecumenical_altar_island, minmay_misc_feat_five,
          minmay_fractal_squares_5
D:3:      minmay_angry_zag, layout_loops_ring, gup_sewer_entry_spiral,
          kennysheep_generic_room_10, uniq_sigmund
D:4:      layout_rooms, minmay_temple_entry_tees, serial_bayou,
          serial_bayou_shore_a, serial_bayou_pond_b, serial_bayou_lagoon_b,
          serial_bayou_pond_e, minmay_misc_feat_alley,
          ebering_dispersal_statue_hall, abandoned_shop, uniq_robin
D:5:      minmay_octagon_keep, layout_loops_ring, serial_shops,
          nicolae_shop_temple_entry_statues_fountains, uniq_grinder
D:6:      layout_gridville, minivault_4, minmay_statues_item
D:7:      layout_loops_cross, grunt_temple_overflow_open, enter_ossuary_3,
          grunt_decor_cap, st_stairs_7, supply_closet_lemuel, uniq_joseph

Skill      XL: |  1  2  3  4  5  6  7  8 |
---------------+-------------------------+-----
Spellcasting   | 3 4 5 6 7 |  7.5
Stealth        | 2 |  2.9
Dodging        | 3 |  3.3
Fighting       | |  0.3

Action                   |  1- 3 |  4- 6 |  7- 9 || total
-------------------------+-------+-------+-------++-------
 Cast: Foxfire           |    10 |     8 |    55 ||    73
       Scorch            |     4 |    11 |    21 ||    36
       Inner Flame       |       |       |    41 ||    41
       Poisonous Vapours |       |       |     5 ||     5
Armor: Robe              |       |     1 |     1 ||     2
Dodge: Dodged            |     1 |     2 |     7 ||    10
